Cogmind - Beta 17.1 @@@ ROGUE MODE // 2026.09.09 @ 07:29:31 Player: rootmos Result: Destroyed by 82-79W(R) with Subdweller Laser Performance ------------- Evolutions (0) 0 Regions Visited (3) 600 Robots Destroyed (18) 90 Value Destroyed (681) 681 Prototype IDs (2) 40 Alien Tech Used (0) 0 Bonus (0) 0 TOTAL SCORE: 1411 Bonus ------- None Cogmind --------- Core Integrity 0/250 Matter 300/300 Energy 100/100 System Corruption 5% Temperature Cool (6) Movement Walking (120) Location -10/Subcaves Parts ------- > --- POWER (1) -------- (None) > --- PROPULSION (2) --- Aluminum Leg Aluminum Leg > --- UTILITY (2) ------ Weapon Shielding > --- WEAPON (2) ------- Particle Gun Assault Rifle > --- INVENTORY (5) ---- Light Nuclear Core Improved Heat Sink Sensor Array Improved Terrain Scanner Peak State ------------ > --- POWER ------------ Light Nuclear Core > --- PROPULSION ------- Aluminum Leg Aluminum Leg > --- UTILITY ---------- Sensor Array Signal Interpreter > --- WEAPON ----------- Mining Laser Makeshift Spear > --- INVENTORY -------- Aluminum Leg Aluminum Leg Heat Sink Weapon Shielding Light Cannon [Rating: 12] Favorites ----------- Power Light Nuclear Core Engine Ion Engine Power Core Light Nuclear Core Propulsion Aluminum Leg Leg Aluminum Leg Utility Heat Sink Device Heat Sink Storage Small Storage Unit Processor Signal Interpreter Protection Weapon Shielding Weapon Particle Gun Energy Gun Particle Gun Ballistic Gun Light Assault Rifle Ballistic Cannon Light Cannon Special Weapon Mining Laser Piercing Weapon Makeshift Spear Build | -11 -10 -10 -10 ------- Run | Yrd Mat Min Sub Slots Evolved . | . . . . Power . | . . . . Propulsion . | . . . . Utility . | . . . . Weapon . | . . . . Parts Attached 33 | . 21 12 . Power 4 | . 2 2 . Engine 2 | . 2 . . Core 2 | . . 2 . Reactor . | . . . . Propulsion 8 | . 4 4 . Treads . | . . . . Leg 8 | . 4 4 . Wheel . | . . . . Hover . | . . . . Flight . | . . . . Utility 12 | . 9 3 . Device 7 | . 5 2 . Storage 2 | . 2 . . Processor 1 | . 1 . . Hackware . | . . . . Protection 2 | . 1 1 . Artifact . | . . . . Weapon 9 | . 6 3 . Energy Gun 4 | . 3 1 . Energy Cannon . | . . . . Ballistic Gun 1 | . . 1 . Ballistic Cannon 2 | . 2 . . Launcher . | . . . . Special Weapon 1 | . 1 . . Impact Weapon . | . . . . Slashing Weapon . | . . . . Piercing Weapon 1 | . . 1 . Special Melee Weapon . | . . . . Unidentified Prototypes . | . . . . Parts Lost 4 | . 1 1 2 Power 1 | . . . 1 Propulsion . | . . . . Utility 2 | . . 1 1 Weapon 1 | . 1 . . Highest Loss Streak 1 | . 1 1 1 To Critical Strikes . | . . . . Average Backups 5 | 5 5 5 4 Power . | 1 . . 1 Propulsion 1 | 3 2 1 . Utility 1 | . 1 2 3 Weapon 1 | 1 1 1 . Tool/Special . | . . . . Unused Backups 13 | . 9 4 . Power 2 | . 2 . . Propulsion 6 | . 3 3 . Utility 2 | . 1 1 . Weapon 3 | . 3 . . Tool/Special . | . . . . Average Slot Usage (%) 97 | . 96 99 99 Engine 7 | . 14 . . Core 6 | . . 13 14 Leg 28 | . 28 28 28 Device 13 | . 13 13 13 Storage 3 | . 7 . . Processor 3 | . 1 10 . Protection 5 | . 2 4 14 Energy Gun 14 | . 14 14 14 Ballistic Gun 7 | . 8 2 13 Ballistic Cannon 4 | . 5 7 . Special Weapon 1 | . . 4 . Peak Build Rating 12 | 6 7 12 12 Average Rating 8 | 6 6 10 10 On Entrance 7 | 6 6 7 12 Avg Prop Armor Cover (%) . | . . . . Naked Turns . | . . . . Heaviest Build 26 | 11 26 13 12 Greatest Support 20 | 20 20 20 20 Greatest Overweight (x) 1 | . 1 . . Average Overweight (x) . | . . . . Largest Inventory Capacity 15 | 8 15 5 5 Average Capacity 6 | 8 7 5 5 Most Carried 8 | 5 8 5 5 Average Carried 5 | 5 5 4 4 Final Capacity 8 | 8 5 5 5 Final Carried 5 | 4 5 5 4 Class Distribution -------------------- 75% | Mutant 24% | Scavenger-Mutant Dominant Class ---------------- Mutant | -10/Materials Mutant | -10/Mines Mutant | -10/Subcaves Resources | -11 -10 -10 -10 ----------- Run | Yrd Mat Min Sub Matter Collected 923 | 200 296 333 94 Remotely . | . . . . Salvage Created 811 | . 365 339 107 Parts 40 | . 14 18 8 Haulers Intercepted . | . . . . Recyclers Shooed . | . . . . Parts Field Recycled . | . . . . Retrieved Matter . | . . . . Parts Self-Destructed 6 | . . . 6 Prevented . | . . . . Parts Restored . | . . . . Kills | -11 -10 -10 -10 ------- Run | Yrd Mat Min Sub Combat Hostiles Destroyed 20 | . 8 10 2 Guns 16 | . 7 7 2 Cannons 4 | . 1 3 . Classes Destroyed 4 | . 1 1 2 Grunt 16 | . 8 8 . Sentry 1 | . . . 1 Subdweller 1 | . . . 1 Assembled 2 | . . 2 . Best Kill Streak 2 | . 2 2 1 Combat Bots Only 2 | . 2 2 1 Max Kills in Single Turn 1 | . 1 1 1 Gunslinging . | . . . . Exploded . | . . . . Melee . | . . . . Uniques/NPCs Destroyed . | . . . . Combat | -11 -10 -10 -10 -------- Run | Yrd Mat Min Sub Hostile Shots Fired 88 | . 29 37 22 Missed 27 | . 7 14 6 Hits 61 | . 22 23 16 Melee 5 | . . 5 . Projectile 56 | . 22 18 16 Critical Strikes 3 | . 1 . 2 Actively Blocked 2 | . . . 2 Damage Taken 962 | . 286 360 316 Core 252 | . 30 147 75 Absorbed by Shields . | . . . . Redirected to Shielding 47 | . . 17 30 Core Remaining (%) 100 | 100 . . . Volleys Fired 75 | . 27 40 8 Largest 2 | . 2 2 2 Hottest 165 | . 150 165 165 Shots Fired 143 | . 51 76 16 Gun 100 | . 40 47 13 Cannon 25 | . 6 19 . Launcher . | . . . . Special 18 | . 5 10 3 Kinetic 55 | . 22 28 5 Thermal 78 | . 19 48 11 Explosive . | . . . . Electromagnetic 10 | . 10 . . Robot Hit Streak 14 | . 14 8 8 Robot Miss Streak 3 | . 2 3 . Penetration Max . | . . . . Secondary Targets . | . . . . Shots Hit Robots 76 | . 32 37 7 Core Hits 38 | . 17 17 4 Critical Kills 1 | . 1 . . Critical Parts Destroyed . | . . . . Critical Strikes 1 | . 1 . . Destroy 1 | . 1 . . Melee Attacks . | . . . . Impact . | . . . . Slashing . | . . . . Piercing . | . . . . Sneak Attacks . | . . . . Combat Hostiles . | . . . . Follow-up Attacks . | . . . . Damage Inflicted 1036 | . 352 594 90 Guns 745 | . 297 358 90 Cannons 291 | . 55 236 . Explosions . | . . . . Melee . | . . . . Ramming . | . . . . Kinetic 490 | . 143 311 36 Thermal 446 | . 109 283 54 Explosive . | . . . . Electromagnetic 100 | . 100 . . Impact . | . . . . Slashing . | . . . . Piercing . | . . . . Highest Corruption 5 | . 2 5 5 Average Corruption 3 | . 1 2 5 Corruption Purged . | . . . . Corruption Blocked . | . . . . Effects 27 | . 2 12 13 Message Errors 6 | . . 3 3 Matter Fused 8 | . 2 3 3 Heat Flow Errors 4 | . . 1 3 Energy Discharges 5 | . . 4 1 Data Loss (minor) 1 | . . . 1 Data Loss (major) 2 | . . . 2 Weapon Failures 1 | . . 1 . Overload Shots . | . . . . Overflow Damage . | . . . . Projectiles . | . . . . Explosions . | . . . . Melee . | . . . . Knockbacks 3 | . . 3 . Impact . | . . . . Kinetic 3 | . . 3 . Secondary . | . . . . Self-Inflicted Damage . | . . . . Shots . | . . . . Rammed . | . . . . Targets Rammed . | . . . . Kicked . | . . . . Crushed . | . . . . Highest Temperature 357 | . 32 357 209 Average Temperature 100 | . 16 111 102 Received Heat Transfer 336 | . 174 120 42 Effects 3 | . . 3 . Interference 3 | . . 3 . Siege Activations . | . . . . Martial Activations . | . . . . Shielding Activations . | . . . . Robots Disrupted . | . . . . Combat Hostiles . | . . . . Robots Corrupted . | . . . . Combat Hostiles . | . . . . Parts Fried . | . . . . Impact Corruptions . | . . . . Robots Melted . | . . . . Combat Hostiles . | . . . . Parts Melted 1 | . 1 . . Heat Transferred 1101 | . 250 703 148 Parts Sabotaged . | . . . . Parts Stolen . | . . . . Parts Stripped . | . . . . Power Chain Reactions . | . . . . Alert | -11 -10 -10 -10 ------- Run | Yrd Mat Min Sub Maximum Alert Level . | . . . . Low Security (%) 100 | 100 100 100 . Level 1 . | . . . . Level 2 . | . . . . Level 3 . | . . . . Level 4 . | . . . . Level 5 . | . . . . High Security . | . . . . Max Security . | . . . . Peak Influence 65 | . 65 54 . Initial . | . . . . Average 10 | . 9 12 . Influence Increases 450 | . 232 183 35 Destroy 0b10 Robot/C 340 | . 160 160 20 Destroy Leader 50 | . 30 20 . Successful Hack 21 | . 21 . . Destroy Structure 9 | . 6 3 . Lose Combat Pursuer 30 | . 15 . 15 Influence Decreases 450 | . 232 145 73 Entered New Map 21 | . . . 21 Time Decay 370 | . 183 135 52 Lost Part 10 | . . 10 . Purge Threat 49 | . 49 . . Squads Dispatched 1 | . 1 . . Investigation 1 | . 1 . . Extermination . | . . . . Reinforcement . | . . . . Assault . | . . . . Garrison . | . . . . Intercept . | . . . . Searches Triggered . | . . . . Construction Impeded . | . . . . Haulers Reinforced . | . . . . Active Scanning Responses . | . . . . Cargo Convoy Interrupts . | . . . . Stealth | -11 -10 -10 -10 --------- Run | Yrd Mat Min Sub Distress Signals . | . . . . Communications Jammed . | . . . . Distress Signals . | . . . . Times Spotted 33 | . 15 10 8 Peak Tracking Total 4 | . 4 2 4 Tactical Retreats 3 | . 1 1 1 Traps | -11 -10 -10 -10 ------- Run | Yrd Mat Min Sub Traps Triggered 2 | . 2 . . Indirectly . | . . . . Trap Hack Attempts . | . . . . Triggered . | . . . . Disarmed . | . . . . Reprogrammed . | . . . . Reused . | . . . . Traps Extracted . | . . . . Installed . | . . . . Triggered . | . . . . Machines | -11 -10 -10 -10 ---------- Run | Yrd Mat Min Sub Machines Disabled . | . . . . Max in Single Turn . | . . . . Machines Repaired . | . . . . Machines Dismantled . | . . . . Machines Sabotaged . | . . . . Overloaded Fab Kills . | . . . . Hacking | -11 -10 -10 -10 --------- Run | Yrd Mat Min Sub Machines Accessed 10 | . 7 . 3 Terminals 7 | . 7 . . Fabricators . | . . . . Repair Stations . | . . . . Recycling Units . | . . . . Scanalyzers . | . . . . Garrison Access . | . . . . Total Hacks 21 | . 15 . 6 Successful 16 | . 10 . 6 Failed 5 | . 5 . . Catastrophic . | . . . . Database Lockouts . | . . . . Manual . | . . . . Terminals 15 | . 15 . . Fabricators . | . . . . Repair Stations . | . . . . Recycling Units . | . . . . Scanalyzers . | . . . . Garrison Access . | . . . . Terminal Hacks 16 | . 10 . 6 Record 4 | . . . 4 Prototype ID Bank 1 | . 1 . . Open Door 1 | . . . 1 Branch Access Points 1 | . 1 . . Emergency Access Points 1 | . 1 . . Alert Level 2 | . 2 . . Unreport Threat 1 | . 1 . . Locate Traps 4 | . 4 . . Release Object 1 | . . . 1 Fabricator Hacks . | . . . . Repair Station Hacks . | . . . . Recycling Unit Hacks . | . . . . Scanalyzer . | . . . . Garrison Access Hacks . | . . . . Unauthorized Hacks . | . . . . Terminals . | . . . . Fabricators . | . . . . Repair Stations . | . . . . Recycling Units . | . . . . Scanalyzers . | . . . . Garrison Access . | . . . . Data Cores Recovered . | . . . . Used . | . . . . Hacking Detections 4 | . 4 . . Full Trace Events 1 | . 1 . . Feedback Events . | . . . . Feedback Blocked . | . . . . Robot Schematics Acquired . | . . . . Robots Built . | . . . . Authchips . | . . . . Time . | . . . . Total Robot Build Rating . | . . . . Part Schematics Acquired . | . . . . Parts Built . | . . . . Authchips . | . . . . Time . | . . . . Total Part Build Rating . | . . . . Part Studies Acquired . | . . . . Parts Repaired . | . . . . Time . | . . . . Parts Recycled . | . . . . Recycled Matter . | . . . . Retrieved Matter . | . . . . Retrieved Components . | . . . . Parts Scanalyzed . | . . . . Part Schematics Acquired . | . . . . Parts Damaged . | . . . . Bothacking | -11 -10 -10 -10 ------------ Run | Yrd Mat Min Sub Used RIF Installer . | . . . . Robots Hacked . | . . . . Non-combat . | . . . . Combat . | . . . . Robot Hacks Applied . | . . . . Relay Couplers Released . | . . . . Fabnet Peak Effective % . | . . . . Robots Rewired . | . . . . Allies Hacked . | . . . . Hacks Repelled . | . . . . Allies | -11 -10 -10 -10 -------- Run | Yrd Mat Min Sub Total Allies . | . . . . Largest Group . | . . . . Highest-Rated Group . | . . . . Highest-Rated Ally . | . . . . Total Orders . | . . . . Ally Attacks . | . . . . Total Damage . | . . . . Kills . | . . . . Allies Corrupted . | . . . . Allies Melted . | . . . . Intel | -11 -10 -10 -10 ------- Run | Yrd Mat Min Sub Active Infowar (turns) 824 | . 420 284 120 Sensors 594 | . 193 281 120 Terrain 3 | . . 3 . Seismic 227 | . 227 . . Robot Analysis Total . | . . . . Derelict Logs Recovered 3 | . . 1 2 Drone Launches . | . . . . Drone Recoveries . | . . . . Exploration | -11 -10 -10 -10 ------------- Run | Yrd Mat Min Sub Turns Passed 2416 | 1 1212 612 591 Spaces Moved 1580 | 1 804 340 435 Core . | . . . . Treads . | . . . . Legs 1580 | 1 804 340 435 Wheels . | . . . . Hover . | . . . . Flight . | . . . . Fastest Speed 120 | 120 120 120 120 Average Speed 124 | 120 128 120 120 Slowest Speed 190 | 120 190 120 120 Overloaded Moves . | . . . . Propulsion Burnouts . | . . . . Robots Hopped . | . . . . Potential Cave-ins . | . . . . Cave-ins Triggered . | . . . . Exploration Rate (%) 42 | 2 98 50 21 Regions Visited 3 Branch Regions 2 Pre-discovered Areas 3 | . . 1 2 Known Exits Taken 1 | . 1 . . Unknown Exits Taken 2 | 1 . 1 . Scrap Searched 1 | . . 1 . Spaces Dug 10 | . 5 5 . Terrain Destroyed 10 | . 5 5 . Melee . | . . . . Projectile 10 | . 5 5 . AOE . | . . . . Terrain Rammed . | . . . . Walls Destroyed . | . . . . Machines Disabled . | . . . . Actions | -11 -10 -10 -10 --------- Run | Yrd Mat Min Sub Total 1853 | 2 924 447 480 Wait 106 | . 47 30 29 Move 1577 | . 803 339 435 Hop . | . . . . Pick Up 11 | . 7 4 . Fast Attach 3 | . 2 1 . Attach 3 | . 2 . 1 Detach 2 | . 2 . . Swap 45 | . 20 21 4 Drop 29 | 2 14 12 1 Fire 75 | . 27 40 8 Melee . | . . . . Ram . | . . . . Kick . | . . . . Crush . | . . . . Escape Stasis . | . . . . Rewire 2 | . . . 2 Trap . | . . . . Miscellaneous . | . . . . Route ------- -11/Scrapyard -10/Materials (discovered 4 exits: *Mat x3 / *Min) -10/Mines (discovered 2 exits: *Mat / *Sub) -10/Subcaves History --------- Turn | Location | Event 2 | -11/Scrapyard | Discovered new exit (range 0) 2 | -11/Scrapyard | Entered Materials 305 | -10/Materials | Build established: Mutant 400 | -10/Materials | Discovered new exit (range 11) 486 | -10/Materials | Identified exit to Mines 487 | -10/Materials | Discovered new exit (range 12) 602 | -10/Materials | Derelicts attacked the area 686 | -10/Materials | Build established: Scavenger-Mutant 718 | -10/Materials | Discovered new exit (range 14) 1084 | -10/Materials | Identified exit to Materials 1214 | -10/Materials | Entered Mines 1261 | -10/Mines | Build established: Mutant 1369 | -10/Mines | A weapon hastily lodged in a ceiling crevice suddenly fell to the ground 1474 | -10/Mines | Excavation squad dispatched 1474 | -10/Mines | A large section of the Mines collapsed 1591 | -10/Mines | Core integrity fell below 50% 1726 | -10/Mines | Learned location of Zion (-6) 1727 | -10/Mines | Discovered exit to Materials (range 5) 1819 | -10/Mines | Discovered new exit (range 6) 1826 | -10/Mines | Entered Subcaves 1826 | -10/Subcaves | Learned 4 Materials zone layouts 1919 | -10/Subcaves | Visited Clippyterm 1923 | -10/Subcaves | Learned location of Deep Caves (-6) 2376 | -10/Subcaves | A Subdweller sparked back to life 2376 | -10/Subcaves | A Subdweller sparked back to life 2376 | -10/Subcaves | A Subdweller sparked back to life 2377 | -10/Subcaves | Core integrity fell below 20% 2417 | -10/Subcaves | Destroyed by 82-79W(R) with Subdweller Laser Last Messages --------------- 02331_ System corrupted: Component data lost. 02340_ Attempting to rewire 82-79W(R). 02340_ 82-79W(R) is broken beyond repair. 02344_ BT-N3Q(R) destroyed. 02347_ Acquired 34 matter. 02352_ OQYW9GJ1UEOHXYSPLBKE 02364_ Attempting to rewire 82-79W(R). 02364_ 82-79W(R) is broken beyond repair. 02366_ Subatomizers dissect the Sub. Optics. 02370_ System corrupted: Substantial component data lost. 02376_ YU-TYZ(R) creaks and sparks as it begins to move. 02376_ 82-79W(R) creaks and sparks as it begins to move. 02376_ HF-AAQ(R) creaks and sparks as it begins to move. 02376_ Heat Sink destroyed. 02377_ Subatomizers dissect the Sub. Monowheel. 02415_ Lgt. Nuclear Core destroyed. Map ----- +----------------------------------------------------+ | ?????????????????????????????????????????????????? | | ?????????????????????????????????????????????????? | | ?????????????????????????????????????????????????? | | ?????????????????????????????????????????????????? | | ?????????????????????????????????????????????????? | | ?????????????????????????????????????????????????? | | ??????????????????????????????????????#"?????????? | | ??????????????????????????????????????# ###"###?? | | ??????????????????????????????????????" # " #?? | | ??????????????????????????????????????#"""""" "#?? | | ?????????????????????????????????????##" " #?? | | ?????????????????????????????????????# " "" ! #?? | | ???????????????# ?????????????## " " # "==##?? | | ??????????????? ????????#### ?" """###%&#?? | | ?????????????? ?###??? # ???" ##??#&&#?? | | ??????????????? ## ??? ?????????##* #?? | | ?????????????? ??? ??####?#### #?? | | ?????????????? ???# ??##" #?# ####?? | | ??????????????# #??# "####"""??## #????? | | ???????????????# #### "##"""##### ##???? | | ????????????????# "##" "##" ## " ###?? | | ????????????????? "" """# "" " " #?? | | ????????????????? #### ^RR """" " ##?? | | ????????????????????????##R # ## ##??? | | ????????????????????????##R## # ## ### ###???? | | ??????????????????????###@ ####### #### ##????? | | ?????????????????????## #????# ### #????? | | ?????????????????????# ##????## ## #????? | | ?????????????????????######?????# ## # #????? | | ??????????????????????????????### ### ####????? | | ?????????????????????????????## # #???????? | | ?????????????????????????????# #???????? | | ????????????????????????###### ##??????? | | ???????????????????????## # ## #??????? | | #####??????????????????# #### # ## ####??????? | | """"#??????????????????# ##??## #### ##????????? | | ""X"#??????????????????# #????# #??## #????????? | | & "#??????#######?????# #????# #### #####????? | | "#??????#"""""#?????# ##??## ## ### ##???? | | """"#??????#""X""#?????# #### ## ### #???? | | #####??????#" "#?????# # ## #????? | | ""#????????### ###?????####### ## ### ###??? | | ##????????## ####???###?# ### #### ##?? | | ##??????## ##### ### ### ## #?? | | ## #??????# #?? | | ###???### "" ### #?? | | ### #???# "### # # ##??##?? | | ##### "### #### #??????? | | "#?## ### ### ##??????? | | ### # ""#??# #?#####???????? | +----------------------------------------------------+ Best States ------------- Heat Dissipation 39 Energy Generation 14 Energy Capacity 250 Matter Stores 300 Matter Capacity 300 Sight Range 16 Robot Scan Range 14 Terrain Scan Range 16 Terrain Scan Density 10 Core Shielding 20 Weapon Shielding 33 Evasion (%) 55 Item Schematics ----------------- None Robot Schematics ------------------ None Fabricated ------------ Nothing Repaired ---------- Nothing Studied --------- None Alien Tech Used ----------------- None Achievements -------------- None Challenges ------------ None Game ------ Seed CryofiberBattleDriver Manual? 0 Play Time 00:46:44 Cumulative 127.4 hours Start 2026.09.09 @ 06:29:12 End 2026.09.09 @ 07:29:31 Sessions 1 Manual Loads 0 Difficulty Rogue Special Mode None Game No. 77 Rogue 42 Adventurer 0 Explorer 35 Win Type - Total 1 Types 1/0/0/0/0/0/0/0/0/0 Lore% 32 Gallery% 35 Achievement% 28 Wizard Run 0 Options --------- Layout 0 ASCII 1 Keyboard 1 Movement Vi Keybinds 1 Fullscreen 0 Font 20/SmallcapsGlow Map View 50x62 Zoom Use 0% Tactical HUD 1 Map Filters NONE Filters NONE Steam 0 RUN: 5defa6ef-2f15-4384-a9a4-ddf094ad1d39